3L
BROOKLYN DODGERS @ CAPITAL DISTRICT RED KNIGHTS
05/25/2018
 
TOP OF THE 1ST
Brooklyn Dodgers batting - Pitching for Capital District Red Knights : RHP Sexto Rodríguez
Pitching: RHP Sexto Rodríguez
Batting: RHB Sean Davis 0-0: Foul Ball, location: 2F
0-1: Foul Ball, location: 2F
0-2: Ball
1-2: Strikes out swinging
Batting: LHB Pancho García 0-0: Ball
1-0: Ball
2-0: Called Strike
2-1: Ball
3-1: Foul Ball, location: 2F
3-2: TRIPLE (Line Drive, 9LS)
Batting: LHB Ray Sears 0-0: Ball
1-0: Ball
Wild Pitch!
Pancho García scores
2-0: Called Strike
2-1: Fly out, F8 (Line Drive, 8LD)
Batting: RHB Thom Wilcox 0-0: Foul Ball, location: 2F
0-1: Swinging Strike
0-2: Strikes out swinging
Top of the 1st over - 1 run(s), 1 hit(s), 0 error(s), 0 left on base; Brooklyn 1 - Capital District 0
BOTTOM OF THE 1ST
Capital District Red Knights batting - Pitching for Brooklyn Dodgers : RHP Yin-fat Foong
Pitching: RHP Yin-fat Foong
Batting: LHB Jeff Walsh 0-0: Ball
1-0: Ball
2-0: Ball
3-0: Base on Balls
Batting: RHB Ricardo Romo 0-0: Called Strike
Throwing error on steal attempt, E2
Jeff Walsh to third
0-1: Ball
1-1: Ball
2-1: SINGLE (Line Drive, 4M)
Jeff Walsh scores
Batting: RHB Chang-bum Pak 0-0: Called Strike
0-1: Ball
1-1: Swinging Strike
1-2: Foul Ball, location: 2F
1-2: Foul Ball, location: 2F
1-2: Ball
2-2: Strikes out swinging
Batting: LHB Dave Knight 0-0: SINGLE (Line Drive, 4D)
Ricardo Romo to second
Batting: RHB Jian-zhang Phan 0-0: Ball
1-0: Ground out 3-1 (Groundball, 34S)
Ricardo Romo to third
Dave Knight to second
Batting: RHB Michael Collins 0-0: Ball
1-0: Foul Ball, location: 2F
1-1: Ball
2-1: Swinging Strike
2-2: Strikes out looking
Bottom of the 1st over - 1 run(s), 2 hit(s), 1 error(s), 2 left on base; Brooklyn 1 - Capital District 1
TOP OF THE 2ND
Brooklyn Dodgers batting - Pitching for Capital District Red Knights : RHP Sexto Rodríguez
Batting: LHB Ron Bascombe 0-0: Foul Ball, location: 2F
0-1: Ball
1-1: Foul Ball, location: 2F
1-2: Ball
2-2: Ball
3-2: Ground out 4-3 (Groundball, 4)
Batting: LHB Kenneth Chapman 0-0: Ball
1-0: Ball
2-0: Fly out, F9 (Flyball, 9LD)
Batting: LHB Todd Williams 0-0: Swinging Strike
0-1: Foul Ball, location: 2F
0-2: Foul Ball, location: 2F
0-2: Ball
1-2: Ball
2-2: Foul Ball, location: 2F
2-2: Ground out 6-3 (Groundball, 6M)
Top of the 2nd over - 0 run(s), 0 hit(s), 0 error(s), 0 left on base; Brooklyn 1 - Capital District 1
BOTTOM OF THE 2ND
Capital District Red Knights batting - Pitching for Brooklyn Dodgers : RHP Yin-fat Foong
Batting: RHB Jean Pronk 0-0: Ball
1-0: Ball
2-0: Foul Ball, location: 2F
2-1: Ball
3-1: SINGLE (Line Drive, 9S)
Batting: RHB Bernardino Minotes 0-0: Ball
Jean Pronk is caught stealing 2nd base
1-0: Swinging Strike
1-1: Swinging Strike
1-2: Foul Ball, location: 2F
1-2: Foul Ball, location: 2F
1-2: Foul Ball, location: 2F
1-2: Ball
2-2: Foul Ball, location: 2F
2-2: Foul Ball, location: 2F
2-2: Strikes out swinging
Batting: RHB Sexto Rodríguez 0-0: Ball
1-0: Ball
2-0: Called Strike
2-1: Swinging Strike
2-2: Strikes out swinging
Bottom of the 2nd over - 0 run(s), 1 hit(s), 0 error(s), 0 left on base; Brooklyn 1 - Capital District 1
TOP OF THE 3RD
Brooklyn Dodgers batting - Pitching for Capital District Red Knights : RHP Sexto Rodríguez
Batting: SHB Shojiro Kimura 0-0: SINGLE (Flyball, 9S)
Batting: LHB Yin-fat Foong 0-0: Ball
1-0: Sac Bunt - play at second, runner OUT! 1-6
Batting: RHB Sean Davis 0-0: Ball
1-0: Foul Ball, location: 2F
1-1: 2-RUN HOME RUN (Line Drive, 9D), Distance : 358 ft
Batting: LHB Pancho García 0-0: Ball
1-0: Called Strike
1-1: Ball
2-1: Ball
3-1: Foul Ball, location: 2F
3-2: Foul Ball, location: 2F
3-2: Base on Balls
Batting: LHB Ray Sears 0-0: SINGLE (Line Drive, 8RS)
Pancho García to second
Batting: RHB Thom Wilcox 0-0: Foul Ball, location: 2F
0-1: 3-RUN HOME RUN (Flyball, 7D), Distance : 352 ft
Pitching: RHP Jake Chambers
Batting: LHB Ron Bascombe 0-0: SINGLE (Line Drive, 7S)
Batting: LHB Kenneth Chapman 0-0: Called Strike
0-1: Ball
1-1: Called Strike
1-2: Foul Ball, location: 2F
1-2: Foul Ball, location: 2F
1-2: Ball
2-2: Foul Ball, location: 2F
2-2: SINGLE (Line Drive, 4M)
Ron Bascombe to second
Batting: LHB Todd Williams 0-0: Called Strike
0-1: Ball
Wild Pitch!
Ron Bascombe to third
Kenneth Chapman to second
1-1: Foul Ball, location: 2F
1-2: Foul Ball, location: 2F
1-2: Fly out, F9 (Flyball, 9M)
Runner from 3rd tags up, SCORES, no throw
Batting: SHB Shojiro Kimura 0-0: Intentional Walk
Batting: LHB Yin-fat Foong 0-0: Foul Ball, location: 2F
0-1: Called Strike
0-2: Strikes out swinging
Top of the 3rd over - 6 run(s), 6 hit(s), 0 error(s), 2 left on base; Brooklyn 7 - Capital District 1
BOTTOM OF THE 3RD
Capital District Red Knights batting - Pitching for Brooklyn Dodgers : RHP Yin-fat Foong
Batting: LHB Jeff Walsh 0-0: Ball
1-0: Ball
2-0: SINGLE (Groundball, 34D)
Batting: RHB Ricardo Romo 0-0: Ball
1-0: Ball
2-0: Called Strike
2-1: Foul Ball, location: 2F
2-2: Strikes out swinging
Batting: RHB Chang-bum Pak 0-0: SINGLE (Groundball, 15) (infield hit)
Jeff Walsh to second
Batting: LHB Dave Knight 0-0: Ball
1-0: Foul Ball, location: 2F
1-1: Ball
2-1: Swinging Strike
2-2: Ball
3-2: SINGLE (Groundball, 25) (infield hit)
Jeff Walsh to third
Chang-bum Pak to second
Batting: RHB Jian-zhang Phan 0-0: Ball
1-0: Foul Ball, location: 2F
1-1: Foul Ball, location: 2F
1-2: Strikes out swinging
Batting: RHB Michael Collins 0-0: Ball
1-0: Foul Ball, location: 2F
1-1: Ball
2-1: Ball
3-1: SINGLE (Line Drive, 56D)
Jeff Walsh scores
Chang-bum Pak to third
Dave Knight to second
Runner from 3rd tries for Home, SAFE, no throw or cutoff
Batting: RHB Jean Pronk 0-0: SINGLE (Line Drive, 4D)
Dave Knight to third
Michael Collins to second
Runner from 3rd tries for Home, SAFE, throw made home
Michael Collins to third
Jean Pronk to second
Batting: RHB Bernardino Minotes 0-0: Called Strike
0-1: Foul Ball, location: 2F
0-2: Strikes out swinging
Bottom of the 3rd over - 3 run(s), 5 hit(s), 0 error(s), 2 left on base; Brooklyn 7 - Capital District 4
TOP OF THE 4TH
Brooklyn Dodgers batting - Pitching for Capital District Red Knights : RHP Jake Chambers
Batting: RHB Sean Davis 0-0: Ball
1-0: Called Strike
1-1: Ball
2-1: Called Strike
2-2: Strikes out swinging
Batting: LHB Pancho García 0-0: Ball
1-0: Foul Ball, location: 2F
1-1: Called Strike
1-2: Strikes out swinging
Batting: LHB Ray Sears 0-0: Called Strike
0-1: SOLO HOME RUN (Flyball, 8RXD), Distance : 426 ft
Batting: RHB Thom Wilcox 0-0: Called Strike
0-1: Ball
1-1: Ball
2-1: Swinging Strike
2-2: Ball
3-2: Fly out, F7 (Flyball, 7LM)
Top of the 4th over - 1 run(s), 1 hit(s), 0 error(s), 0 left on base; Brooklyn 8 - Capital District 4
BOTTOM OF THE 4TH
Capital District Red Knights batting - Pitching for Brooklyn Dodgers : RHP Yin-fat Foong
Pinch Hitting: LHB Manuel Núñez 0-0: Fly out, F7 (Popup, 56D)
Batting: LHB Jeff Walsh 0-0: Called Strike
0-1: Fly out, F8 (Flyball, 78D)
Batting: RHB Ricardo Romo 0-0: Ball
1-0: Ball
2-0: Ball
3-0: Called Strike
3-1: DOUBLE (Line Drive, 78M)
Batting: RHB Chang-bum Pak 0-0: Ball
1-0: Foul Ball, location: 2F
1-1: Ball
2-1: Called Strike
2-2: SINGLE (Line Drive, 6M)
Ricardo Romo to third
Runner from 3rd tries for Home, SAFE, no throw or cutoff
Pitching: RHP Angus Barlow
Batting: LHB Dave Knight 0-0: Ball
1-0: Called Strike
Chang-bum Pak steals 2nd base
1-1: Foul Ball, location: 2F
1-2: Ball
2-2: Foul Ball, location: 2F
2-2: Ball
3-2: DOUBLE (Groundball, 3L)
Chang-bum Pak scores
Batting: RHB Jian-zhang Phan 0-0: Foul Ball, location: 2F
0-1: SINGLE (Line Drive, 6D)
Dave Knight to third
Runner from 3rd tries for Home, SAFE, no throw or cutoff
Batting: RHB Michael Collins 0-0: Ball
1-0: Ball
2-0: Called Strike
2-1: Ball
3-1: Called Strike
3-2: Base on Balls
Jian-zhang Phan to second
Batting: RHB Jean Pronk 0-0: Called Strike
0-1: Called Strike
0-2: Ball
1-2: Strikes out swinging
Bottom of the 4th over - 3 run(s), 4 hit(s), 0 error(s), 2 left on base; Brooklyn 8 - Capital District 7
TOP OF THE 5TH
Brooklyn Dodgers batting - Pitching for Capital District Red Knights : RHP Jake Chambers
Pitching: LHP Tony Schneider
Batting: LHB Ron Bascombe 0-0: Ball
1-0: Swinging Strike
1-1: Ball
2-1: Ball
3-1: Base on Balls
Batting: LHB Kenneth Chapman 0-0: Ball
1-0: Ground out U3 (Groundball, 3S)
Ron Bascombe to second
Batting: LHB Todd Williams 0-0: Ground out 4-3 (Groundball, 4)
Ron Bascombe to third
Batting: SHB Shojiro Kimura 0-0: Ground out 5-3 (Groundball, 5)
Top of the 5th over - 0 run(s), 0 hit(s), 0 error(s), 1 left on base; Brooklyn 8 - Capital District 7
BOTTOM OF THE 5TH
Capital District Red Knights batting - Pitching for Brooklyn Dodgers : RHP Angus Barlow
Batting: RHB Bernardino Minotes 0-0: Ball
1-0: Ball
2-0: SINGLE (Line Drive, 56D)
Batting: LHB Tony Schneider 0-0: Sac Bunt - play at first, batter OUT! 1-4
Bernardino Minotes to second
Batting: LHB Jeff Walsh 0-0: Called Strike
0-1: Ball
1-1: Called Strike
1-2: Ball
2-2: SINGLE (Line Drive, 56)
Bernardino Minotes to third
Runner from 3rd tries for Home, SAFE, throw made home
Jeff Walsh to second
Batting: RHB Ricardo Romo 0-0: Ball
1-0: Foul Ball, location: 2F
1-1: Ball
2-1: Ground out 5-3 (Groundball, 56)
Batting: RHB Chang-bum Pak 0-0: Called Strike
0-1: Swinging Strike
0-2: Foul Ball, location: 2F
0-2: Ball
1-2: Ball
2-2: Ball
3-2: Strikes out swinging
Bottom of the 5th over - 1 run(s), 2 hit(s), 0 error(s), 1 left on base; Brooklyn 8 - Capital District 8
TOP OF THE 6TH
Brooklyn Dodgers batting - Pitching for Capital District Red Knights : LHP Tony Schneider
Pinch Hitting: RHB Brad Perry 0-0: Ground out 6-3 (Groundball, 6M)
Batting: RHB Sean Davis 0-0: Ball
1-0: Called Strike
1-1: Ball
2-1: Fly out, F9 (Flyball, 9D)
Batting: LHB Pancho García 0-0: Called Strike
0-1: Fly out, F7 (Flyball, 78M)
Top of the 6th over - 0 run(s), 0 hit(s), 0 error(s), 0 left on base; Brooklyn 8 - Capital District 8
BOTTOM OF THE 6TH
Capital District Red Knights batting - Pitching for Brooklyn Dodgers : RHP Angus Barlow
Pitching: RHP Francis Cahill
Batting: LHB Dave Knight 0-0: Ball
1-0: SINGLE (Groundball, 34D)
Batting: RHB Jian-zhang Phan 0-0: Ball
1-0: Ball
2-0: Called Strike
2-1: Foul Ball, location: 2F
2-2: DOUBLE (Line Drive, 5D)
Dave Knight to third
Batting: RHB Michael Collins 0-0: Intentional Walk
Batting: RHB Jean Pronk 0-0: Ball
1-0: Swinging Strike
1-1: Foul Ball, location: 2F
1-2: Strikes out swinging
Batting: RHB Bernardino Minotes 0-0: Ball
1-0: Ball
2-0: Foul Ball, location: 2F
2-1: SINGLE (Groundball, 4MD)
Dave Knight scores
Jian-zhang Phan to third
Michael Collins to second
Pinch Hitting: RHB Cullen Spencer 0-0: Called Strike
0-1: Called Strike
0-2: Ball
1-2: Foul Ball, location: 2F
1-2: Ball
2-2: Ball
3-2: TRIPLE (Flyball, 78XD)
Jian-zhang Phan scores
Michael Collins scores
Bernardino Minotes scores
Batting: LHB Jeff Walsh 0-0: Intentional Walk
Pitching: RHP José Ramos
Batting: RHB Ricardo Romo 0-0: Ball
1-0: Grounds into double play, 5-4-3 (Groundball, 56)
Bottom of the 6th over - 4 run(s), 4 hit(s), 0 error(s), 1 left on base; Brooklyn 8 - Capital District 12
TOP OF THE 7TH
Brooklyn Dodgers batting - Pitching for Capital District Red Knights : LHP Tony Schneider
Pitching: RHP Owen Henderson
Batting: LHB Ray Sears 0-0: Ball
1-0: Called Strike
1-1: Ball
2-1: Foul Ball, location: 2F
2-2: Ball
3-2: SINGLE (Line Drive, 34)
Batting: RHB Thom Wilcox 0-0: Ball
1-0: Foul Ball, location: 2F
1-1: Fly out, F7 (Flyball, 7S)
Batting: LHB Ron Bascombe 0-0: Ball
1-0: Ball
2-0: Ball
3-0: Base on Balls
Ray Sears to second
Batting: LHB Kenneth Chapman 0-0: Fly out, F2 (Popup, 2LF)
Batting: LHB Todd Williams 0-0: Ball
1-0: Called Strike
1-1: SINGLE (Groundball, 2R) (infield hit)
Ray Sears to third
Ron Bascombe to second
Batting: SHB Shojiro Kimura 0-0: Called Strike
0-1: Called Strike
0-2: Ball
1-2: Fly out, F8 (Flyball, 8RM)
Top of the 7th over - 0 run(s), 2 hit(s), 0 error(s), 3 left on base; Brooklyn 8 - Capital District 12
BOTTOM OF THE 7TH
Capital District Red Knights batting - Pitching for Brooklyn Dodgers : RHP José Ramos
Batting: RHB Chang-bum Pak 0-0: Ground out 5-3 (Groundball, 5L)
Batting: LHB Dave Knight 0-0: Ground out U3 (Groundball, 3S)
Batting: RHB Jian-zhang Phan 0-0: Called Strike
0-1: Ball
1-1: Called Strike
1-2: Ball
2-2: Strikes out swinging
Bottom of the 7th over - 0 run(s), 0 hit(s), 0 error(s), 0 left on base; Brooklyn 8 - Capital District 12
TOP OF THE 8TH
Brooklyn Dodgers batting - Pitching for Capital District Red Knights : RHP Owen Henderson
Pinch Hitting: RHB Luis Rivas 0-0: Ball
1-0: Foul Ball, location: 2F
1-1: Foul Ball, location: 2F
1-2: Strikes out looking
Batting: RHB Sean Davis 0-0: Called Strike
0-1: Ball
1-1: Foul Ball, location: 2F
1-2: Strikes out swinging
Batting: LHB Pancho García 0-0: Called Strike
0-1: SINGLE (Line Drive, 89S)
Batting: LHB Ray Sears 0-0: Ball
1-0: Foul Ball, location: 2F
1-1: Called Strike
1-2: Ball
2-2: DOUBLE (Line Drive, 9LS)
Pancho García to third
Pitching: RHP Armando Martínez
Batting: RHB Thom Wilcox 0-0: Called Strike
0-1: Ball
1-1: Swinging Strike
1-2: 3-RUN HOME RUN (Flyball, 7D), Distance : 359 ft
Batting: LHB Ron Bascombe 0-0: Called Strike
0-1: Swinging Strike
0-2: Ball
1-2: Foul Ball, location: 2F
1-2: Ball
2-2: DOUBLE (Line Drive, 89S)
Batting: LHB Kenneth Chapman 0-0: Called Strike
0-1: Ball
1-1: Ball
2-1: Called Strike
2-2: Ground out 6-3 (Groundball, 6M)
Top of the 8th over - 3 run(s), 4 hit(s), 0 error(s), 1 left on base; Brooklyn 11 - Capital District 12
BOTTOM OF THE 8TH
Capital District Red Knights batting - Pitching for Brooklyn Dodgers : RHP José Ramos
Pitching: RHP António Vega
Now in RF: Don MacNeilage
Batting: RHB Michael Collins 0-0: Called Strike
0-1: Foul Ball, location: 2F
0-2: Strikes out swinging
Batting: RHB Jean Pronk 0-0: Ball
1-0: Called Strike
1-1: Ball
2-1: Foul Ball, location: 2F
2-2: Strikes out swinging
Batting: RHB Bernardino Minotes 0-0: Ball
1-0: Ball
2-0: Foul Ball, location: 2F
2-1: Foul Ball, location: 2F
2-2: Strikes out swinging
Bottom of the 8th over - 0 run(s), 0 hit(s), 0 error(s), 0 left on base; Brooklyn 11 - Capital District 12
TOP OF THE 9TH
Brooklyn Dodgers batting - Pitching for Capital District Red Knights : RHP Armando Martínez
Pitching: RHP Woody Cook
Batting: LHB Todd Williams 0-0: Called Strike
0-1: Ball
1-1: Ball
2-1: Foul Ball, location: 2F
2-2: Ball
3-2: Base on Balls
Batting: SHB Shojiro Kimura 0-0: SINGLE (Groundball, 6M)
Todd Williams to second
Batting: RHB Don MacNeilage 0-0: Swinging Strike
0-1: Called Strike
0-2: Foul Ball, location: 2F
0-2: Ball
1-2: Strikes out swinging
Batting: RHB Sean Davis 0-0: Called Strike
0-1: Fly out, F6 (Line Drive, 6D)
Pinch Hitting: LHB William Hansen 0-0: Ball
1-0: Foul Ball, location: 2F
1-1: Ball
2-1: SINGLE (Groundball, 34D)
Todd Williams to third
Shojiro Kimura to second
Runner from 3rd tries for Home, SAFE, no throw or cutoff
Batting: LHB Ray Sears 0-0: 3-RUN HOME RUN (Flyball, 9D), Distance : 451 ft
Pitching: RHP Roberto Pérez
Batting: RHB Thom Wilcox 0-0: Ball
1-0: Swinging Strike
1-1: Ball
2-1: Ball
3-1: Base on Balls
Batting: LHB Ron Bascombe 0-0: Ball
1-0: Swinging Strike
1-1: Ball
2-1: Ball
3-1: Foul Ball, location: 2F
3-2: SINGLE (Groundball, 34)
Thom Wilcox to second
Thom Wilcox to third
Batting: LHB Kenneth Chapman 0-0: Called Strike
0-1: Ball
1-1: Ball
2-1: Foul Ball, location: 2F
2-2: SINGLE (Line Drive, 89S)
Thom Wilcox scores
Ron Bascombe to second
Batting: LHB Todd Williams 0-0: Foul Ball, location: 2F
0-1: Called Strike
0-2: Ball
1-2: Strikes out swinging
Top of the 9th over - 5 run(s), 5 hit(s), 0 error(s), 2 left on base; Brooklyn 16 - Capital District 12
BOTTOM OF THE 9TH
Capital District Red Knights batting - Pitching for Brooklyn Dodgers : RHP António Vega
Pitching: RHP Ken Hinkle
Pinch Hitting: RHB José Romano 0-0: Ball
1-0: Ground out 5-3 (Groundball, 56)
Batting: LHB Jeff Walsh 0-0: Called Strike
0-1: Ball
1-1: Foul Ball, location: 2F
1-2: Ball
2-2: Foul Ball, location: 2F
2-2: Ball
3-2: Foul Ball, location: 2F
3-2: Foul Ball, location: 2F
3-2: Strikes out swinging
Batting: RHB Ricardo Romo 0-0: Ball
1-0: Called Strike
1-1: Called Strike
1-2: Strikes out swinging
Bottom of the 9th over - 0 run(s), 0 hit(s), 0 error(s), 0 left on base; Brooklyn 16 - Capital District 12
This league is powered by Out of the Park Baseball, the baseball management simulation game for PC, Mac and Linux
Monday, May 4th, 2015 - OOTP Baseball 15.6 Build 34